 Dungeon Crawl Stone Soup version 0.30-a0-782-ge64f9170bb (webtiles) character file.

Game seed: 16878866694417803087

14 kae the Digger (level 2, 0/15 HPs)
             Began as a Gargoyle Earth Elementalist on Mar 9, 2023.
             Slain by a quokka (3 damage)
             ... on level 1 of the Dungeon.
             The game lasted 00:00:27 (482 turns).

kae the Digger (Gargoyle Earth Elementalist)         Turns: 482, Time: 00:00:27

Health: 0/15       AC:  4    Str: 11    XL:     2   Next: 45%
Magic:  0/5        EV: 11    Int: 15    God:
Gold:   14         SH:  0    Dex: 10    Spells: 4/5 levels left

rFire   . . .      SeeInvis .    (no weapon)
rCold   . . .      Faith    .    (no shield)
rNeg    + . .      Spirit   .    a - +0 robe
rPois   ∞          Reflect  .    (no helmet)
rElec   +          Harm     .    (no cloak)
rCorr   .          Rampage  .    (no gloves)
Will    .....                    (no boots)
Stlth   ++                       (no amulet)
HPRegen 0.22/turn                (no ring)
MPRegen 0.09/turn                (no ring)

@: no status effects
A: sickness immunity, AC +2, negative energy resistance 1, electricity
resistance, torment resistance 1, petrification resistance
a: no special abilities


You were on level 1 of the Dungeon.
You visited 1 branch of the dungeon, and saw 1 of its levels.

You collected 14 gold pieces.


Innate Abilities, Weirdness & Mutations

You are immune to sickness and miasma.
Your stone body is resilient. (AC +2)
You are immune to poison.
You resist negative energy. (rN+)
You are resistant to electric shocks. (rElec)
You are resistant to unholy torment.
You are immune to petrification.


   Skills:
 - Level 1.5 Dodging
 - Level 2.1 Stealth
 + Level 2.2 Spellcasting
 - Level 0.7 Transmutations
 * Level 4.3 Earth Magic


You had 4 spell levels left.
You knew the following spells:

 Your Spells              Type           Power      Damage    Failure   Level
a - Sandblast             Erth           28%        2d8       3%          1

Your spell library contained the following spells:

 Spells                   Type           Power      Damage    Failure   Level
 Passwall                 Tmut/Erth      7%         N/A       12%         2
 Magic Dart               Conj           4%         1d3       22%         1
 Stone Arrow              Conj/Erth      16%        3d8       26%         3
 Searing Ray              Conj           2%         2d4       32%         2
 Petrify                  Tmut/Erth      9%         N/A       58%         4
 Fulminant Prism          Conj/Hex       0%         3d5       91%         4

Inventory:

Missiles
 i - 11 stones
Armour
 a - a +0 robe (worn)
Jewellery
 c - an amulet of reflection
   (You found it on level 1 of the Dungeon)
Scrolls
 d - a scroll of magic mapping {unknown}
 h - a scroll of summoning {unknown}
Potions
 b - a potion of magic
 e - a potion of degeneration {unknown}
 f - a potion of heal wounds {unknown}
 g - a potion of lignification {unknown}

Dungeon Overview and Level Annotations

Branches:
Dungeon (1/15) Zot: 5502

Altars:

.........#
###..~~##<#.....#
.........####
#∩##~~..###.#..#
...........#
####.###..###..#
...##.....#
###.#####.....#
... #.....#
###.#.##########
...#####.### ###
# .######.####.##
###
........####.#
### ##
......)rr@...#
#....
......)#######
... ....... ....
....... ....
....... ....
....... ...
....... ...
....... .. ##


You could see 2 quokkas.


Message History

The kobold shouts!
There are monsters nearby!
There are monsters nearby!
Casting: Sandblast (safe; 3% risk of failure)
Confirm with . or Enter, or press ? or * to list all spells.
Aiming: Sandblast (safe; 3% risk of failure)
Press: ? - help, Shift-Dir - straight line, f - kobold
Aim: a kobold, wielding a +0 short sword (77% to hit)
The blast of sand hits the kobold.
You kill the kobold!
A quokka comes into view. 😎 MP[-1]
You lost 1 mp, and now have 4/5 mp.
Casting: Sandblast (safe; 3% risk of failure)
Confirm with . or Enter, or press ? or * to list all spells.
You can't see any susceptible monsters within range! (Use Z to cast anyway.)
Casting: Sandblast (safe; 3% risk of failure)
Confirm with . or Enter, or press ? or * to list all spells.
You can't see any susceptible monsters within range! (Use Z to cast anyway.)
Casting: Sandblast (safe; 3% risk of failure)
Confirm with . or Enter, or press ? or * to list all spells.
Aiming: Sandblast (safe; 3% risk of failure)
Press: ? - help, Shift-Dir - straight line, f - quokka
Aim: a quokka (75% to hit)
The blast of sand hits the quokka but does no damage. 😎 MP[-1]
You lost 1 mp, and now have 3/5 mp.
Casting: Sandblast (safe; 3% risk of failure)
Confirm with . or Enter, or press ? or * to list all spells.
Aiming: Sandblast (safe; 3% risk of failure)
Press: ? - help, Shift-Dir - straight line, f/p - quokka
Aim: a quokka (75% to hit)
The blast of sand hits the quokka.
The quokka completely misses you. The quokka barely misses you. 😎 MP[-1]
You lost 1 mp, and now have 2/5 mp.
Casting: Sandblast (safe; 3% risk of failure)
Confirm with . or Enter, or press ? or * to list all spells.
Aiming: Sandblast (safe; 3% risk of failure)
Press: ? - help, Shift-Dir - straight line, f/p - quokka
Aim: a quokka (heavily wounded, 75% to hit)
The blast of sand misses the quokka.
The quokka bites you but does no damage.
The quokka barely misses you. The quokka closely misses you.
The quokka bites you but does no damage. 😎 MP[-1]
You lost 1 mp, and now have 1/5 mp.
Casting: Sandblast (safe; 3% risk of failure)
Confirm with . or Enter, or press ? or * to list all spells.
Aiming: Sandblast (safe; 3% risk of failure)
Press: ? - help, Shift-Dir - straight line, f/p - quokka
Aim: a quokka (heavily wounded, 75% to hit)
The blast of sand misses the quokka.
The quokka closely misses you. x2
The quokka bites you. 😮 HP[-4] MP[-1]
You take 4 damage, and now have 11/15 hp.
MASSIVE DAMAGE!! (PAUSE)
You lost 1 mp, and now have 0/5 mp.
The quokka attacks as you move away!
The quokka closely misses you. x2 😕 HP[+1]
The quokka attacks as you move away! The quokka bites you. 😮 HP[-3]
You take 3 damage, and now have 9/15 hp.
You are too injured to fight recklessly!
You are too injured to fight recklessly!
You are too injured to fight recklessly!
You are too injured to fight recklessly!
You are too injured to fight recklessly!
You are too injured to fight recklessly!
Unknown command.
You hit the quokka. The quokka misses you. 😮 MP[+1]
You completely miss the quokka. The quokka bites you.
* * * LOW HITPOINT WARNING * * *
😨 HP[-3]
You take 3 damage, and now have 6/15 hp.
Unknown command.
You hit the quokka but do no damage. The quokka barely misses you.
The quokka twitches its whiskers.
The quokka bites you.
* * * LOW HITPOINT WARNING * * *
😱 HP[-3]
You take 3 damage, and now have 3/15 hp.
You barely miss the quokka. The quokka bites you.
* * * LOW HITPOINT WARNING * * *
😱 HP[-1]
You take 1 damage, and now have 2/15 hp.
You hit the quokka but do no damage. The quokka barely misses you.
Unknown command.
You closely miss the quokka. The quokka misses you.
Unknown command.
Casting: Sandblast (safe; 3% risk of failure)
Confirm with . or Enter, or press ? or * to list all spells.
Aiming: Sandblast (safe; 3% risk of failure)
Press: ? - help, Shift-Dir - straight line, f/p - quokka
Aim: a quokka (almost dead, 75% to hit)
The blast of sand misses the quokka.
The quokka bites you but does no damage.
The quokka bites you.
You die...

Skill      XL: |  1 |
---------------+----+-----
Earth Magic    | 4 |  4.3
Dodging        | |  1.5
Stealth        | |  2.1
Spellcasting   | |  2.2
Transmutations | |  0.7

Action                     || total
---------------------------++-------
  Melee: Unarmed           ||    18
   Cast: Sandblast         ||    25
 Armour: Robe              ||    16
  Dodge: Dodged            ||    22

Levels and vault maps discovered:
D:1:      spicycebolla_green_bress_n_ham_2, layout_basic,
          shapermc_ecumenical_altar_petra

Notes
Turn   | Place    | Note
-------+----------+-------------------------------------------
     0 | D:1      | kae the Gargoyle Earth Elementalist began the quest for the
                  | Orb.
     0 | D:1      | Reached XP level 1. HP: 10/10 MP: 3/3
     0 | D:1      | magus.rc [v1.11.3]
   135 | D:1      | Reached skill level 4 in Earth Magic
   146 | D:1      | Reached XP level 2. HP: 15/15 MP: 1/5
   198 | D:1      | Found a faded altar of an unknown god.
   349 | D:1      | You pick up a book of Conjurations and begin reading...
   349 | D:1      | You add the spells Magic Dart, Searing Ray and Fulminant
                  | Prism to your library.
   478 | D:1      | HP: 3/15 [quokka (4)]
   482 | D:1      | Slain by a quokka

Vanquished Creatures
  An endoplasm (D:1)
  A giant cockroach (D:1)
  2 goblins (D:1)
  A quokka (D:1)
  A ball python (D:1)
  2 bats (D:1)
  5 kobolds (D:1)
13 creatures vanquished.

Table legend:
 A = Non-vault XP
 B = Vault XP
 C = Vault XP percentage of total XP
 D = Non-vault monster count
 E = Vault monster count
 F = Vault count percentage of total count
                 A         B        C        D         E       F
            +---------+---------+-------+---------+---------+-------
      Total |      21 |       0 |   0.0 |      13 |       0 |   0.0
            +---------+---------+-------+---------+---------+-------
        D:1 |      21 |       0 |   0.0 |      13 |       0 |   0.0
            +---------+---------+-------+---------+---------+-------

Illustrated notes

Table legend:
 A = Kills in this place as a percentage of kills in entire the game.
 B = Kills by you in this place as a percentage of kills by you in the entire game.
 C = Kills by friends in this place as a percentage of kills by friends in the entire game.
 D = Other kills in this place as a percentage of other kills in the entire game.
 E = Experience gained in this place as a percentage of experience gained in the entire game.
 F = Experience gained in this place divided by the number of levels of this place that you have seen.
                   A       B       C       D       E      F
               +-------+-------+-------+-------+-------+----------------------
         Total | 100.0 | 100.0 |   N/A |   N/A | 100.0 |  21.0
       Dungeon | 100.0 | 100.0 |   N/A |   N/A | 100.0 |  21.0
               +-------+-------+-------+-------+-------+----------------------

Table legend: (Time is in decaauts)
 A = Elapsed time spent in this place.
 B = Non-inter-level travel time spent in this place.
 C = Inter-level travel time spent in this place.
 D = Time resting spent in this place.
 E = Time spent auto-exploring this place.
 F = Levels seen in this place.
 G = Mean time per level.
                   A        B        C        D        E       F      G
               +--------+--------+--------+--------+--------+-----+--------+
         Total |    496 |    496 |      0 |      0 |    403 |   1 |  496.0 |
       Dungeon |    496 |    496 |      0 |      0 |    403 |   1 |  496.0 |
               +--------+--------+--------+--------+--------+-----+--------+

Top non-repeatable levels by time:
     D:1: 496 daAuts
